 Dungeon Sprint DCSS version 0.17-a0-1923-gc35365e (webtiles) character file.

2330 ololoev the Earth Mage (level 9, -6/55 HPs)
             Began as a Deep Elf Earth Elementalist on Sept 28, 2015.
             Was a Believer of Vehumet.
             Killed by blast of rock fragments (29 damage)
             ... in the Dungeon (Sprint I: "Red Sonja").
             The game lasted 00:06:12 (1341 turns).

ololoev the Earth Mage (DEEE)                       Turns: 1341, Time: 00:06:12

Health: -6/55      AC:  2    Str:  5    XL:     9   Next: 19%
Magic:  7/24       EV: 19    Int: 24    God:    Vehumet [**....]
Gold:   665        SH:  0    Dex: 19    Spells: 3 memorised, 18 levels left

rFire  . . .     SeeInvis .     a - +8 battleaxe of Qeritud {venom, Dex+4}
rCold  . . .     Clarity  .     m - +0 robe
rNeg   . . .     SustAt   .     (no shield)
rPois  .         Gourm    .     (no helmet)
rElec  .         Spirit   .     (no cloak)
rCorr  .         Warding  .     (no gloves)
rMut   .         NoTele   +     (no boots)
MR     .....                    (no amulet)
Stlth  ++........               (no ring)
                                (no ring)

@: lethally poisoned (-6 -> -21), not resistant to hostile enchantments,
unstealthy
A: no striking features
a: Renounce Religion

Inventory:

Hand weapons
 a - the +8 battleaxe of Qeritud (weapon) {venom, Dex+4}
   (You found it in the Dungeon)

   It poisons the flesh of those it strikes.
   It affects your dexterity (+4).
 b - a +0 blowgun
Missiles
 l - 21 stones (quivered)
 n - 7 curare-tipped needles
Armour
 m - a +0 robe (worn)
Scrolls
 j - a scroll of blinking
 k - 3 scrolls of remove curse {unknown}
Potions
 e - 5 potions of curing
 f - a potion of heal wounds
 g - a potion of haste
 h - 2 potions of magic
 i - a potion of berserk rage
Books
 c - a book of Geomancy

   Spells                             Type                      Level
   a - Sandblast                      Earth                        1
   b - Stoneskin                      Transmutation/Earth          2
   c - Passwall                       Transmutation/Earth          3
   d - Stone Arrow                    Conjuration/Earth            3
   e - Petrify                        Transmutation/Earth          4
   f - Lee's Rapid Deconstruction     Earth                        5
Comestibles
 d - 5 chunks of flesh


   Skills:
 + Level 5.8 Fighting
 + Level 8.9 Dodging
 - Level 2.4 Stealth
 + Level 9.8 Spellcasting
 + Level 7.8 Conjurations
   Level 1.1 Transmutations
 + Level 16.2 Earth Magic


You had 18 spell levels left. You knew the following spells: Your Spells Type Power Failure Level Hunger a - Sandblast Erth ###### 0% 1 None b - Stone Arrow Conj/Erth ###### 1% 3 None c - Lee's Rapid Deconstr Erth ######.... 1% 5 ####... You were in the Dungeon. You worshipped Vehumet. Vehumet was pleased with you. You were not hungry. You visited 1 branch You collected 743 gold pieces. You spent 78 gold pieces at shops. ############# #..)..#..'..# )..#..').#..+ #####'#####'# #### # #..#...#.####%§# # #__####..##.#≈≈≈§§#$$# #_..__##)#.('§≈§@§cy.# #_.∩...'..._#≈§§§§.§.# #_..._##_.#'##§##### # ____ ##.#.#.|:)### #########.####'###(## .......'.....(...'[∩# ++++####....######### ###.### #.#.#.#

Notes
Turn   | Place    | Note
--------------------------------------------------------------
     0 | D        | ololoev the Deep Elf Earth Elementalist began the quest for the Orb.
     0 | D        | Reached XP level 1. HP: 10/10 MP: 6/6
     2 | D        | Noticed Ijyb
     6 | D        | Killed Ijyb
     6 | D        | Reached skill level 7 in Earth Magic
     6 | D        | Reached XP level 2. HP: 15/15 MP: 2/8
    58 | D        | Noticed an ogre
    61 | D        | Killed an ogre
    61 | D        | Reached skill level 10 in Earth Magic
    61 | D        | Reached XP level 3. HP: 1/19 MP: 5/9
    61 | D        | Reached XP level 4. HP: 1/24 MP: 5/10
   358 | D        | Noticed Sigmund
   360 | D        | Killed Sigmund
   360 | D        | Reached skill level 13 in Earth Magic
   360 | D        | Reached XP level 5. HP: 21/28 MP: 8/11
   360 | D        | Reached XP level 6. HP: 24/32 MP: 8/12
   514 | D        | Learned a level 3 spell: Stone Arrow
   520 | D        | Learned a level 5 spell: Lee's Rapid Deconstruction
   533 | D        | Found a deep blue altar of Sif Muna.
   534 | D        | Noticed a jelly
   535 | D        | Found a radiant altar of Vehumet.
   537 | D        | Killed a jelly
   537 | D        | Reached skill level 1 in Conjurations
   546 | D        | Became a worshipper of Vehumet
   605 | D        | Found Usor's Food Emporium.
   605 | D        | Found a white marble altar of Elyvilon.
   605 | D        | Found a stormy altar of Qazlal.
   605 | D        | Found a burning altar of Makhleb.
   605 | D        | Found a sacrificial altar of Ru.
   605 | D        | Found a basalt altar of Yredelemnul.
   605 | D        | Found a glowing golden altar of the Shining One.
   605 | D        | Found a sparkling altar of Nemelex Xobeh.
   605 | D        | Found a shimmering altar of Xom.
   605 | D        | Found an opulent altar of Gozag.
   605 | D        | Found an ancient bone altar of Kikubaaqudgha.
   605 | D        | Found a glowing silver altar of Zin.
   605 | D        | Noticed a yak
   609 | D        | Killed a yak
   609 | D        | Reached skill level 14 in Earth Magic
   695 | D        | Got a scorched battleaxe
   696 | D        | Identified the +8 battleaxe of Qeritud {venom, Dex+4} (You found it in the Dungeon)
   700 | D        | Noticed Sonja
   704 | D        | Killed Sonja
   704 | D        | Reached skill level 5 in Conjurations
   704 | D        | Reached skill level 15 in Earth Magic
   704 | D        | Reached XP level 7. HP: 33/42 MP: 8/19
   704 | D        | Reached XP level 8. HP: 37/48 MP: 8/20
   844 | D        | Found an iron altar of Okawaru.
   852 | D        | Noticed a deep troll
   879 | D        | Killed a deep troll
   879 | D        | Acquired Vehumet's first power
   879 | D        | Offered knowledge of Sting by Vehumet.
   909 | D        | Found Dojixesh's Armour Emporium.
   944 | D        | Killed a wasp
  1003 | D        | Killed a wasp
  1207 | D        | Found Haepusumu's Distillery.
  1215 | D        | Bought a potion of curing for 39 gold pieces
  1215 | D        | Bought a potion of curing for 39 gold pieces
  1233 | D        | Noticed a centaur warrior
  1241 | D        | Killed a centaur warrior
  1241 | D        | Reached skill level 5 in Fighting
  1241 | D        | Reached skill level 16 in Earth Magic
  1241 | D        | Reached XP level 9. HP: 42/54 MP: 7/24
  1242 | D        | Noticed a centaur warrior
  1338 | D        | Noticed a trapdoor spider
  1339 | D        | Noticed a wasp
  1339 | D        | Killed a trapdoor spider
  1340 | D        | Killed a wasp
  1340 | D        | Offered knowledge of Throw Frost by Vehumet.
  1341 | D        | Killed by blast of rock fragments

Dungeon Overview and Level Annotations

Branches:
Dungeon (1/1)

Altars:
Elyvilon
Gozag
Kikubaaqudgha
Makhleb
Nemelex Xobeh
Okawaru
Qazlal
Ru
Sif Muna
Vehumet
Xom
Yredelemnul
Zin
The Shining One

Shops:
D !%[


Message History

Casting: Lee's Rapid Deconstruction
Confirm with . or Enter, or press ? or * to list all spells.
Aiming: Lee's Rapid Deconstruction
Press: ? - help, Dir - move target cursor That beam is likely to hit you.
Continue anyway?
The wall shatters!
The blast of rock fragments hits the trapdoor spider.
You kill the trapdoor spider!
Vehumet accepts your kill.
You feel your power returning.
The blast of rock fragments hits the wasp.
The wasp is heavily wounded.
You feel sick.
The centaur warrior wields a shortbow.
The centaur warrior shoots an arrow.
The arrow barely misses you.
Unknown command.
Casting: Lee's Rapid Deconstruction
Confirm with . or Enter, or press ? or * to list all spells.
Aiming: Lee's Rapid Deconstruction
Press: ? - help, Dir - move target cursor That beam is likely to hit you.
Continue anyway?
The wall shatters!
The blast of rock fragments hits the centaur warrior.
The centaur warrior is moderately wounded.
Vehumet accepts your kill.
Vehumet offers you knowledge of Throw Frost.
You feel a bit more experienced.
You feel sick.
The centaur warrior shoots an arrow.
The arrow hits you!
Unknown command.
Unknown command.
Casting: Lee's Rapid Deconstruction
Confirm with . or Enter, or press ? or * to list all spells.
Aiming: Lee's Rapid Deconstruction
Press: ? - help, Dir - move target cursor That beam is likely to hit you.
Continue anyway?
The wall shatters!
The blast of rock fragments hits the centaur warrior.
The centaur warrior is severely wounded.
The blast of rock fragments hits you!
Ouch! That really hurt!
You die...

You could see a centaur warrior.

Vanquished Creatures
  A centaur warrior (D)
  Sonja (D)
  A deep troll (D)
  Sigmund (D)
  A trapdoor spider (D)
  A yak (D)
  An ogre (D)
  A wasp (D)
  Ijyb (D)
  A jelly (D)
  2 ballistomycetes (D)
  A giant spore (D)
13 creatures vanquished.

Vanquished Creatures (others)
  2 wasps (D)
  A giant spore (D)
3 creatures vanquished.

Grand Total: 16 creatures vanquished

Action                   |  1- 3 |  4- 6 |  7- 9 || total
-------------------------+-------+-------+-------++-------
Melee: Battleaxe         |       |       |     3 ||     3
 Fire: Blowgun           |       |       |     6 ||     6
 Cast: Sandblast         |     6 |     9 |       ||    15
       Stone Arrow       |       |     2 |     1 ||     3
       Lee's Rapid Decon |       |       |    11 ||    11
 Stab: Sleeping          |       |       |     1 ||     1
  Eat: Bread ration      |       |       |     1 ||     1

Vault maps used:
D:        dungeon_sprint_1
